AoeStats
← xlalox corona

Arena

509822420Analyzed
1v1 RM · 2d ago on Sep 28, 2026· 44m 45s· 2 players
Game mode
Random Map
Map size
Tiny (2 player)
Population
200
Speed
Normal
Resources
Standard
Victory
Conquest
Starting age
Dark Age
Ending age
Imperial Age
RankedLock teamsTeams togetherTeam positionsShared explorationLock speedFull tech treeHidden civsTurbo modeCheats
Victory
Defeat
🇵🇪 Bengalis · Peru
2221
+2
🇲🇽 Spanish · Mexico
1715
-2
[CL] Rey Enigmaaa
6:07 Loom
8:21 Feudal Age
9:14 Double-Bit Axe
9:18 Town Watch
10:23 Horse Collar
14:18 Wheelbarrow
22:24 Castle Age
21:01 Gold Mining
21:06 Stone Mining
23:24 Bow Saw
31:16 Hand Cart
35:28 Imperial Age
33:56 Gold Shaft Mining
33:21 Heavy Plow
33:17 Fletching
33:50 Padded Archer Armor
33:56 Bodkin Arrow
35:11 Paiks
35:29 Leather Archer Armor
36:32 Conscription
36:16 Bracer
36:46 Ring Archer Armor
36:35 Murder Holes
37:41 Chemistry
37:20 Husbandry
37:30 Bloodlines
38:24 Ballistics
38:32 Scale Barding Armor
38:38 Forging
39:37 Two-Man Saw
40:11 Town Patrol
39:48 Siege Elephant
41:13 Chain Barding Armor
41:31 Iron Casting
41:40 Crop Rotation
41:41 Siege Engineers
41:17 Elite Elephant Archer
42:37 Iron Casting
43:04 Mahayana
43:33 Plate Barding Armor
43:39 Light Cavalry
45:22 Blast Furnace
44:23 Scale Mail Armor
44:21 Herbal Medicine
44:39 Masonry
44:02 Pikeman
44:43 Squires
44:28 Arson
44:56 Guilds
45:16 Coinage
45:00 Fortified Wall
xlalox corona
5:35 Loom
8:09 Feudal Age
9:01 Double-Bit Axe
27:27 Castle Age
26:34 Fletching
29:47 Bow Saw
29:47 Bodkin Arrow
32:31 Scale Barding Armor
33:56 Bloodlines
35:17 Wheelbarrow
35:39 Gold Mining
35:45 Horse Collar
37:27 Chain Barding Armor
Connection lost

Rejoining the realm…

Still unreachable

The connection could not be restored.

Session expired

The server has moved on; the page needs a fresh start.